[Event "FRA-ch Teams Top 16-A 2022"]
[Site "Chartres"]
[Date "2022.06.13"]
[Round "5.10"]
[White "Bauer, Christian"]
[Black "Ragger, Markus"]
[Result "1/2-1/2"]
[ECO "C47"]
[WhiteElo "2596"]
[BlackElo "2636"]
[Annotator "TA"]
[PlyCount "37"]
[EventDate "2022.06.09"]
[EventType "team-tourn"]
[EventCountry "FRA"]
[SourceTitle "playchess.com"]
[Source "ChessBase"]
[SourceQuality "1"]
[TimeControl "40/5400+30:1800+30"]

1. e4 e5 2. Nf3 Nc6 3. Nc3 Nf6 4. d4 exd4 5. Nxd4 Bb4 6. Nxc6 bxc6 7. Bd3 d5 8. Bd2 O-O 9. O-O {[%emt 0:00:41] The position is equal.} Bxc3 {[%emt 0:07:36] C47: Scotch Four Knights and Four Knights with 4 g3.} 10. Bxc3 dxe4 $1 {[%emt 0:00:11][%mdl 4] is currently scoring better than 10...Nxe4.} 11. Bxf6 {[%emt 0:00:32][%mdl 64] [#] Remove Defender} Qxf6 12. Bxe4 {[%emt 0:00:09] [#] A rather calm draw.} {Predecessor:} Qxb2 $146 13. Bxc6 Rb8 14. Rb1 Qxb1 15. Qxb1 Rxb1 16. Rxb1 Rd8 17. Bf3 Bf5 18. Rb7 Bxc2 19. Rxc7 {½-½ (37) Andreikin,D (2724)-Rapport,R (2762) Belgrade 2022} 1/2-1/2

[Event "FRA-ch Teams Top 16-A 2022"]
[Site "Chartres"]
[Date "2022.06.13"]
[Round "5.11"]
[White "Naiditsch, Arkadij"]
[Black "Lagarde, Maxime"]
[Result "1-0"]
[ECO "C00"]
[WhiteElo "2654"]
[BlackElo "2628"]
[Annotator "TA"]
[PlyCount "76"]
[EventDate "2022.06.09"]
[EventType "team-tourn"]
[EventCountry "FRA"]
[SourceTitle "playchess.com"]
[Source "ChessBase"]
[SourceQuality "1"]
[TimeControl "40/5400+30:1800+30"]

1. e4 c5 2. Nf3 e6 3. Qe2 Nc6 4. g3 Nf6 5. Bg2 e5 6. c3 {[%emt 0:00:46] C00: French: Unusual White 2nd moves.} Be7 7. O-O O-O 8. a3 $5 {[%emt 0:09:41][%mdl 4] [#] A promising side line.} d5 $146 ({Predecessor:} 8... Re8 9. b4 d6 10. d3 h6 11. Nbd2 Be6 12. Bb2 Bf8 13. b5 Ne7 14. d4 Ng6 15. dxc5 dxc5 {1-0 (60) Zubov,A (2601)-Grachev,B (2652) Minsk 2015}) 9. d3 d4 10. Nbd2 Bg4 11. h3 Be6 12. cxd4 cxd4 13. Ng5 Bc8 14. b4 a6 15. Nb3 h6 $36 {[%emt 0:03:01][%mdl 2048] Black has some pressure.} 16. Nf3 Be6 17. Nc5 (17. Qd1 $15) 17... Bxc5 $17 18. bxc5 Nd7 19. a4 Nxc5 20. Ba3 Qa5 21. Nh4 Qc3 (21... Rfc8 $17 22. Nf5 f6) 22. Nf5 $11 Qxd3 (22... Nb3 $11 {remains equal.} 23. Bxf8 Rxf8) 23. Qg4 $1 $16 Bxf5 24. exf5 Nd7 {[%emt 0:00:05] And now ...Nf6 would win.} 25. Rfd1 Qc3 26. Bxf8 Rxf8 {[%emt 0:00:11] [#]} 27. Rac1 (27. Rdc1 $1 $16 Qd2 28. Rab1 (28. Bxc6 Nf6 $14)) 27... Qa5 (27... Qb3 $11 {keeps the balance.}) 28. Bxc6 Nf6 {[%emt 0:00:08] [#]} 29. Qe2 bxc6 $11 30. Rxc6 Qxa4 (30... Qd5 $14 {should be considered.} 31. Rxa6 Ne4) 31. Rxa6 $16 {[%emt 0:03:17] White is more active.} Qb3 32. Qd3 (32. Rda1 $16) 32... Qd5 $11 33. Qa3 Qe4 34. Qd3 {[%emt 0:00:03] Black should prevent Qxe4.} Qd5 35. Rb6 Re8 (35... e4 $11 36. Qxd4 Qxf5) 36. Qb5 Qf3 37. Re1 (37. Rc1 $16 {[%cal Ob6f6] Threatens to win with Rxf6!} Qa8 38. Rb1) 37... Re7 $1 38. Qc5 d3 $2 {[%emt 0:02:24][%mdl 8192] Weighted Error Value: White=0.17 (very precise) /Black=0.21 (precise)} 1-0

[Event "FRA-ch Teams Top 16-A 2022"]
[Site "Chartres"]
[Date "2022.06.13"]
[Round "5.12"]
[White "Mamedov, Rauf"]
[Black "Fressinet, Laurent"]
[Result "1/2-1/2"]
[ECO "C77"]
[WhiteElo "2656"]
[BlackElo "2630"]
[Annotator "TA"]
[PlyCount "35"]
[EventDate "2022.06.09"]
[EventType "team-tourn"]
[EventCountry "FRA"]
[SourceTitle "playchess.com"]
[Source "ChessBase"]
[SourceQuality "1"]
[TimeControl "40/5400+30:1800+30"]

1. e4 e5 2. Nf3 Nc6 3. Bb5 a6 4. Ba4 Nf6 5. Nc3 Be7 6. d3 b5 7. Bb3 d6 8. a3 O-O 9. O-O $1 {[%emt 0:04:29] The position is equal. 9.0-0 scores better than 9.Nd5.} Na5 {[%emt 0:01:22] C77: Ruy Lopez: 3...a6 4 Ba4 Nf6, unusual lines.} 10. Ba2 Be6 11. Bd2 Bxa2 12. Rxa2 c5 {[%emt 0:00:25] [#]} 13. b4 $5 $146 {[%emt 0:05:54][%mdl 8] New and interesting.} ({Predecessor:} 13. Nd5 Nc6 14. Nxe7+ Qxe7 15. Ra1 h6 16. Nh4 Qe6 17. h3 d5 18. exd5 Nxd5 19. Re1 {0-1 (56) Berg,E (2544)-Urkedal,F (2528) Chess.com INT 2020}) 13... Nc6 14. Nd5 Nxd5 15. exd5 Nd4 16. Re1 Rc8 17. a4 Nxf3+ 18. Qxf3 {[%emt 0:02:23] An uneventful encounter.  Weighted Error Value: White=0.07 (flawless) /Black=0.07 (flawless)} 1/2-1/2

[Event "FRA-ch Teams Top 16-A 2022"]
[Site "Chartres"]
[Date "2022.06.13"]
[Round "5.13"]
[White "Bellahcene, Bilel"]
[Black "Tiviakov, Sergei"]
[Result "0-1"]
[ECO "B01"]
[WhiteElo "2521"]
[BlackElo "2567"]
[Annotator "TA"]
[PlyCount "74"]
[EventDate "2022.06.09"]
[EventType "team-tourn"]
[EventCountry "FRA"]
[SourceTitle "playchess.com"]
[Source "ChessBase"]
[SourceQuality "1"]
[TimeControl "40/5400+30:1800+30"]

1. e4 d5 2. exd5 Qxd5 3. Nc3 Qd6 4. d4 Nf6 5. Nf3 c6 6. Ne5 Nbd7 {[%emt 0:00:06] B01: Scandinavian Defence.} 7. f4 Nb6 {[%emt 0:03:14] 7...g6 is more advanced technology.} 8. Be3 g6 {[%emt 0:00:52] The position is equal.} 9. Qf3 {[%emt 0:04:41] [#]} Bg7 $146 ({Predecessor:} 9... Be6 10. Bd3 Nbd5 11. Nxd5 Bxd5 12. Qe2 Be4 13. O-O-O Bg7 14. h4 h5 15. Kb1 Bxd3 16. Qxd3 {0-1 (33) Milenkovic,M (2325)-Djordjevic,V (2381) Kragujevac 2015}) 10. O-O-O Be6 11. Bd3 Nbd5 {[%emt 0:08:39] Hoping for ...Nxc3.} 12. Nc4 Qc7 {[%emt 0:09:16] Strongly threatening ...Bg4.} 13. Nxd5 Nxd5 14. a3 {[%emt 0:14:29] [#] Prevents Nb4.} (14. Bd2 $15) 14... b5 $1 $17 15. Ne5 Bxe5 16. fxe5 {[%emt 0:01:12] [#]} Bg4 $1 17. Qxg4 Nxe3 18. Qf3 Nxd1 19. Rxd1 O-O 20. h4 Rad8 21. Qe3 c5 22. h5 (22. dxc5 $17 {was called for.} Rd5 23. b4) 22... cxd4 23. Qg3 Rd5 24. Re1 Kg7 25. Qf4 a6 26. Kb1 Qb8 (26... Qc5 $17 27. g4 Rdd8) 27. Qg5 {[%emt 0:02:01] [#]} (27. g4 $15) 27... Qd8 (27... Qb6 $1 $19 28. Be4 Rdd8 29. hxg6 hxg6 30. Qxe7 (30. Rh1 $2 Rh8 $19) 30... Qe6) 28. Rh1 {[%emt 0:00:22] This move loses the game for White.} (28. hxg6 $17 hxg6 29. Be4 (29. Rh1 Rh8 $17)) 28... f6 $19 29. Qh4 g5 30. exf6+ exf6 31. Qe4 f5 32. h6+ Kh8 33. Qe6 Rf6 34. Qe2 Qf8 35. Qh5 g4 36. Qg5 Rdd6 37. Re1 {[%emt 0:00:32][%cal Oe1e8] Threatening mate with Re8!} Rde6 {[%emt 0:01:02] Against Re8.  Weighted Error Value: White=0.30/Black=0.16 (very precise)} 0-1

[Event "FRA-ch Teams Top 16-A 2022"]
[Site "Chartres"]
[Date "2022.06.13"]
[Round "5.14"]
[White "Maurizzi, Marc`Andria"]
[Black "Rodshtein, Maxim"]
[Result "1/2-1/2"]
[ECO "D85"]
[WhiteElo "2490"]
[BlackElo "2588"]
[Annotator "TA"]
[PlyCount "131"]
[EventDate "2022.06.09"]
[EventType "team-tourn"]
[EventCountry "FRA"]
[SourceTitle "playchess.com"]
[Source "ChessBase"]
[SourceQuality "1"]
[TimeControl "40/5400+30:1800+30"]

1. d4 Nf6 2. c4 g6 3. Nc3 d5 4. cxd5 Nxd5 5. e4 Nxc3 6. bxc3 Bg7 7. Nf3 c5 8. Bb5+ Nc6 9. O-O O-O 10. Bxc6 $1 {[%emt 0:00:09][%mdl 4] is now more promising than 10.Be3.} bxc6 11. Qc2 {[%emt 0:00:02] D85: Exchange Grünfeld: Unusual White 7th moves and lines with 7 Nf3.} cxd4 12. cxd4 Bg4 13. Ne5 $1 Qxd4 14. Bb2 Qb6 15. Rab1 Bxe5 16. Bxe5 Qa5 17. Bc3 Qc5 18. Qb2 a5 19. Bd4 Qd6 {[%emt 0:15:32] [#]} 20. h3 $146 {[%emt 0:18:08] [#]} ({Predecessor:} 20. Qc3 Be2 21. Rfe1 Bb5 22. a4 Bxa4 23. Bh8 f6 24. e5 Qd8 25. exf6 exf6 26. Rb7 {½-½ (34) Prohaszka,P (2573)-Ragger,M (2647) Terme Catez 2022}) 20... Be2 21. Rfe1 (21. e5 Qd5) 21... Rfb8 22. Qc3 Rxb1 23. Rxb1 Bb5 24. Bc5 Qe6 25. Rd1 Qxe4 26. Rd7 Re8 27. Qxa5 f6 28. Qd2 Kf7 29. Ra7 g5 30. a4 {[%emt 0:01:31][%mdl 64] [#] Decoy} Bxa4 31. Qa2+ Kg6 32. Bxe7 ({Of course not} 32. Rxa4 Qe1+ 33. Kh2 Qe5+ 34. f4 Qxc5 35. fxg5 Qd6+ 36. Kg1 (36. g3 fxg5 37. Ra6 Rc8 $17) 36... Qd1+ 37. Kh2 Qd6+ 38. Kg1 (38. g3 fxg5 39. Qe2 Rf8 $17) 38... f5 $17) 32... Rxe7 33. Rxa4 $15 {[%emt 0:00:59][%mdl 4096] Endgame KQR-KQR} Qe1+ 34. Kh2 Qe5+ 35. Kg1 Qe1+ 36. Kh2 Qe5+ 37. Kg1 Qd5 38. Qb1+ Qf5 39. Qd1 c5 40. Rc4 ({Reject} 40. g4 Qd7 41. Qxd7 (41. Qc2+ Kg7 $17) 41... Rxd7 $17) 40... Re4 (40... h5 $15) 41. Qd8 $11 {[%emt 0:11:01] The position is equal.} Rxc4 42. Qg8+ Kh6 43. Qf8+ Kh5 {[%emt 0:00:45] ( -> ...Rc1+)} 44. Qf7+ Qg6 45. Qxc4 {[%emt 0:00:16] KQ-KQ} Qb1+ 46. Kh2 Qb8+ 47. Kg1 {[%emt 0:00:38] White wants to mate with Qf7+.} Qf8 {[%emt 0:01:25] Prevents Qf7+.} 48. f4 Qe7 {[%emt 0:03:31] ...Qe3+ is the strong threat.} 49. fxg5 $1 fxg5 50. Qg8 Kh6 51. g4 Qe3+ 52. Kg2 Qe4+ 53. Kg1 c4 54. Qf7 Qd4+ 55. Kg2 Qd2+ 56. Kg1 Qf4 {[%emt 0:00:38] Against Qf6+} 57. Qe6+ Kg7 {[%emt 0:00:05] White must now prevent ...Qc7.} 58. Qe7+ Kg8 59. Qe8+ Qf8 60. Qe5 h6 61. Qe6+ Qf7 62. Qxh6 Qf4 {[%emt 0:00:14] Threatens to win with ...Kf7.} 63. Qe6+ Kf8 64. Qc8+ Ke7 65. Qc5+ Kd7 {[%emt 0:01:14] And now ...Qg3+ would win.} (65... Ke6 $5 66. Qc6+ Ke5 67. Qc5+ Kf6 68. Qc6+ Ke7 69. Qc5+ Kf7 70. Qd5+ Kg6 $11) 66. Qd5+ {[%emt 0:00:32] Weighted Error Value: White=0.02 (flawless) /Black=0.03 (flawless)} 1/2-1/2

[Event "FRA-ch Teams Top 16-A 2022"]
[Site "Chartres"]
[Date "2022.06.13"]
[Round "5.15"]
[White "Maze, Sebastien"]
[Black "Guliyev, Namig"]
[Result "1/2-1/2"]
[ECO "B50"]
[WhiteElo "2519"]
[BlackElo "2547"]
[Annotator "TA"]
[PlyCount "26"]
[EventDate "2022.06.09"]
[EventType "team-tourn"]
[EventCountry "FRA"]
[SourceTitle "playchess.com"]
[Source "ChessBase"]
[SourceQuality "1"]
[TimeControl "40/5400+30:1800+30"]

1. e4 c5 2. Nf3 d6 3. Nc3 Nf6 4. e5 dxe5 5. Nxe5 Nbd7 6. d4 {[%emt 0:00:42] B50: Sicilian: 2...d6, Miscellaneous.} e6 7. Bf4 cxd4 8. Qxd4 {[%emt 0:00:13] White is slightly better.} Bc5 {[%emt 0:00:06] The position is equal.} 9. Qa4 O-O 10. O-O-O {[%emt 0:01:33] [#] And now Bb5 would win.} Qe7 $1 {[%emt 0:00:58] [#]} 11. Bg3 $146 ({Predecessor:} 11. g4 Nb6 12. Qb3 Nfd5 13. Bg3 Bxf2 14. Bxf2 Qg5+ 15. Kb1 Qxe5 16. Bd4 Qc7 17. Nb5 {1-0 (35) Willow,J (2102)-Clarke,B (2380) London 2019}) 11... Nxe5 12. Bxe5 Nd7 13. Bg3 f5 {[%emt 0:05:19] Against Ne4. A balanced but interesting game.  Weighted Error Value: White=0.03 (flawless) /Black=0.06 (flawless)} 1/2-1/2

[Event "FRA-ch Teams Top 16-A 2022"]
[Site "Chartres"]
[Date "2022.06.13"]
[Round "5.16"]
[White "Martsynovskaya, Marina"]
[Black "Sebag, Marie"]
[Result "0-1"]
[ECO "B90"]
[WhiteElo "2070"]
[BlackElo "2472"]
[Annotator "TA"]
[PlyCount "62"]
[EventDate "2022.06.09"]
[EventType "team-tourn"]
[EventCountry "FRA"]
[SourceTitle "playchess.com"]
[Source "ChessBase"]
[SourceQuality "1"]
[TimeControl "40/5400+30:1800+30"]

1. e4 c5 2. Nf3 d6 3. d4 cxd4 4. Nxd4 Nf6 5. Nc3 a6 6. Be3 e5 7. Nb3 Be6 8. h3 {[%emt 0:00:47] B90: Sicilian Najdorf: Unusual White 6th moves, 6 Be3 Ng4 and 6 Be3 e5.} Nbd7 9. g4 h6 10. Bg2 {[%emt 0:04:36] [#] The position is equal.} Nb6 $146 ({Predecessor:} 10... Rc8 11. O-O Be7 12. a4 O-O 13. a5 Nh7 14. Qd2 Rc6 15. Rfc1 Bg5 16. Nd5 Bxe3 17. Nxe3 {0-1 (56) Gutenev,A (2456)-Indjic,A (2604) Sochi 2018}) 11. Bxb6 Qxb6 12. Nd5 Nxd5 13. exd5 Bd7 14. Qd2 Be7 15. Qa5 Qa7 {[%emt 0:05:40] Black is more active.} 16. a4 (16. Be4 $17) 16... Rc8 {[%emt 0:03:53] aiming for ...f5.} 17. Be4 (17. Qd2 {was called for.}) 17... O-O 18. Nd2 (18. Qd2 {might work better.}) 18... Bh4 $19 {[%emt 0:29:59] [#] White must now prevent ...f5.} 19. O-O-O Bxf2 (19... Qd4 $142 20. c3 Bd8) 20. Qb4 Bc5 21. Qb3 b5 22. Qg3 $2 {[%emt 0:00:41] [#]} (22. a5) 22... bxa4 {[%emt 0:01:00] Black is clearly winning.} 23. g5 (23. Rde1 $142) 23... hxg5 24. Qxg5 f5 25. Rhg1 Bxg1 26. Rxg1 Bb5 27. Bf3 a3 28. bxa3 e4 29. Nxe4 fxe4 30. Bxe4 Qxg1+ 31. Qxg1 Rf1+ {[%emt 0:00:00] White got outplayed after the opening.  Weighted Error Value: White=1.14/Black=0.34} 0-1

[Event "FRA-ch Teams Top 16-A 2022"]
[Site "Chartres"]
[Date "2022.06.13"]
[Round "5.17"]
[White "Grandelius, Nils"]
[Black "Van Foreest, Lucas"]
[Result "1/2-1/2"]
[ECO "C65"]
[WhiteElo "2635"]
[BlackElo "2572"]
[Annotator "TA"]
[PlyCount "98"]
[EventDate "2022.06.09"]
[EventType "team-tourn"]
[EventCountry "FRA"]
[SourceTitle "playchess.com"]
[Source "ChessBase"]
[SourceQuality "1"]
[TimeControl "40/5400+30:1800+30"]

1. e4 e5 2. Nf3 Nc6 3. Bb5 Nf6 4. d3 Bc5 5. c3 O-O 6. O-O {[%emt 0:00:06] C65: Ruy Lopez: Berlin Defence (3...Nf6), unusual lines and 4 0-0 Bc5.} d5 7. Nbd2 Re8 8. exd5 {[%emt 0:01:05] White is slightly better. was the old line (8.Qe2).} a6 9. Bxc6 bxc6 {[%emt 0:00:17] [#]} 10. Nb3 $146 ({Predecessor:} 10. Ne4 Nxe4 11. dxe4 cxd5 12. Qxd5 Qxd5 13. exd5 e4 14. Nd2 e3 15. fxe3 Bxe3+ 16. Kh1 {½-½ (31) Anand,V (2760)-Aronian,L (2764) Stavanger 2018}) 10... Qxd5 11. Nxc5 Qxc5 12. Bg5 e4 13. dxe4 Nxe4 14. Be3 Qb5 15. Qc2 c5 16. Rfe1 Bb7 17. Ng5 (17. Bf4 $5 ) 17... Nxg5 18. Bxg5 Rxe1+ 19. Rxe1 Re8 20. Rxe8+ Qxe8 $11 {[%emt 0:00:03][%cal Re8e1][%mdl 4096] [#] Endgame KQB-KQB} 21. Qd2 {[%emt 0:00:26] Prevents Qe1+.} h6 (21... Bd5 $5) 22. Qd8 Qxd8 23. Bxd8 $14 {[%emt 0:00:04] KB-KB} Bd5 24. b3 Be4 25. Bxc7 Bb1 26. a3 Ba2 27. Bd6 Bxb3 28. Bxc5 Bc4 29. f3 f5 30. Kf2 Kf7 31. Ke3 Bf1 32. g3 g6 33. Kd4 Ke6 34. Bf8 h5 35. f4 Be2 36. Kc5 Bf1 37. Bg7 Be2 38. Bd4 Bf1 39. a4 Be2 40. Kc6 Bd1 41. a5 Be2 42. Kc7 Bf1 43. Kd8 Bb5 44. Be5 Kf7 45. Bd6 Ke6 46. Ba3 Kf7 47. Bb4 Ke6 48. Ba3 Kf7 49. Bb4 Ke6 {[%emt 0:00:03] Weighted Error Value: White=0.04 (flawless) /Black=0.03 (flawless)} 1/2-1/2

[Event "FRA-ch Teams Top 16-A 2022"]
[Site "Chartres"]
[Date "2022.06.13"]
[Round "5.18"]
[White "Piorun, Kacper"]
[Black "Fedorchuk, Sergey A."]
[Result "1-0"]
[ECO "E00"]
[WhiteElo "2635"]
[BlackElo "2606"]
[Annotator "TA"]
[PlyCount "113"]
[EventDate "2022.06.09"]
[EventType "team-tourn"]
[EventCountry "FRA"]
[SourceTitle "playchess.com"]
[Source "ChessBase"]
[SourceQuality "1"]
[TimeControl "40/5400+30:1800+30"]

1. d4 Nf6 2. c4 e6 3. g3 Bb4+ 4. Bd2 Bxd2+ 5. Nxd2 d6 6. Bg2 {[%emt 0:00:53] E00: Catalan Bogo-Indian (3 g3 Bb4+).} c5 7. Ngf3 Nbd7 {[%emt 0:08:13] [#]} 8. dxc5 $146 {[%emt 1:21:11] White has an edge.} ({Predecessor:} 8. e3 O-O 9. O-O e5 10. Qc2 Re8 11. dxe5 Nxe5 12. h3 Nxf3+ 13. Nxf3 Qe7 14. Rfd1 {1-0 (51) Otruba,M (1933)-Rolinkova,L (1466) Czech Republic 2018}) 8... Nxc5 9. b4 Ncd7 10. O-O a5 11. Nb3 axb4 12. Qxd6 Qb6 (12... Qe7 $1 $14 13. Qxe7+ Kxe7) 13. Qxb6 $16 Nxb6 14. Ne5 Nfd7 15. Nd3 {[%emt 0:00:00] Hoping for c5.} Nxc4 16. Rfc1 Na3 17. Rc7 {[%emt 0:00:00][%mdl 1024] White has compensation.} Nb5 18. Rc4 Na3 19. Rh4 (19. Rxb4 $2 Nc2 20. a4 O-O $17) 19... Ke7 20. Rc1 (20. Rxb4 $2 Nc2 21. Rd1 Nxb4 22. Nxb4 Rd8 $19) 20... Nb5 21. Rxb4 Nd6 22. a4 Rd8 23. f4 f6 24. Rc7 Ne8 25. Rc1 {[%emt 0:00:00] White is much more active.} Nd6 26. Kf2 Ra6 27. Nbc5 (27. Rc7 $142) 27... Nxc5 28. Nxc5 Ra5 29. Nxb7 Bxb7 30. Bxb7 Rb8 31. Rcb1 f5 32. Bf3 Rc8 33. Rd1 Rc7 34. Rdd4 h6 35. Rb6 Nc4 36. Rb4 Nd6 37. h4 $36 {[%emt 0:00:26][%mdl 2048] White is really pushing. White stays focused until the end.} Ra6 38. h5 Rc2 39. Ke3 Ra5 40. Kd3 Ra2 (40... Rac5 $16 {is a better defense.} 41. Ke3 Ra5) 41. Rb6 $18 e5 (41... Ne4 {was worth a try.}) 42. Rdxd6 (42. fxe5 Nf7 43. Kc3 (43. Rb7+ Ke6 $18) 43... Nxe5 $18) 42... e4+ 43. Ke3 Ra3+ {[%emt 0:10:14] White is clearly winning.} 44. Kf2 exf3 {[%emt 0:00:05][%mdl 4096] Endgame [#] KRR-KRR} 45. Rg6 $1 fxe2 46. Rxg7+ Kf8 47. Rh7 ({Weaker is} 47. Rc7 Ra8 48. Rf6+ Kg8 49. Rg6+ (49. Rxh6 Rxg3 50. Re6 Rh3 $16) (49. Rxf5 Re8 $16) 49... Kf8 50. Rf6+ (50. Kxe2 R8xa4 51. Rxh6 Ra2+ 52. Kf1 Ra1+ 53. Kf2 R1a2+ 54. Kg1 Ra1+ 55. Kf2 R1a2+ 56. Kf1 Ra1+ 57. Kf2 $16) 50... Kg8 51. Rg6+ (51. Rxh6 Rxg3 52. Re6 Rh3 $16) (51. Rxf5 Re8 $16) 51... Kf8 52. Rf6+ $18 (52. Kxe2 R8xa4 53. Rc2 Ke8 $18)) 47... e1=Q+ 48. Kxe1 Kg8 49. Rc7 Ra8 {[%emt 0:00:05] Inhibits Rb8+.} 50. Rg6+ Kf8 51. Rc5 Re8+ 52. Kf2 Ra2+ 53. Kf3 Ra3+ {[%emt 0:00:23] [#]} 54. Kg2 $1 Re2+ 55. Kh3 Rxa4 56. Rxf5+ Ke7 57. Rxh6 {[%emt 0:00:00] Weighted Error Value: White=0.09 (flawless) /Black=0.20 (precise)} 1-0

[Event "FRA-ch Teams Top 16-A 2022"]
[Site "Chartres"]
[Date "2022.06.13"]
[Round "5.19"]
[White "Jones, Gawain C B"]
[Black "Malakhov, Vladimir"]
[Result "1/2-1/2"]
[ECO "C45"]
[WhiteElo "2669"]
[BlackElo "2652"]
[Annotator "TA"]
[PlyCount "168"]
[EventDate "2022.06.09"]
[EventType "team-tourn"]
[EventCountry "FRA"]
[SourceTitle "playchess.com"]
[Source "ChessBase"]
[SourceQuality "1"]
[TimeControl "40/5400+30:1800+30"]

1. e4 e5 2. Nf3 Nc6 3. d4 exd4 4. Nxd4 Bc5 5. Nb3 Bb6 6. Nc3 Nf6 7. Qe2 a5 8. a4 O-O 9. Bg5 h6 10. Bh4 Nd4 11. Qd3 Nxb3 12. cxb3 c6 13. O-O-O d5 14. exd5 cxd5 15. Qc2 Be6 (15... d4 $11) 16. Nxd5 $1 $14 Bxd5 17. Bxf6 Qxf6 ({Much less strong is} 17... gxf6 18. Bc4 Rc8 19. Rxd5 Qxd5 20. Bxd5 $16) 18. Rxd5 Qxf2 19. Bc4 Be3+ 20. Kb1 Qxc2+ 21. Kxc2 Rfd8 22. Rf1 Rxd5 23. Bxd5 Rc8+ 24. Kd3 Rd8 25. Ke4 Re8+ 26. Kd3 Rd8 27. Kxe3 Rxd5 28. b4 Re5+ 29. Kd3 (29. Kd4 $5 Re2 30. bxa5 Rxb2 31. Kc5 $14) 29... Rd5+ 30. Ke3 Re5+ 31. Kd3 (31. Kd2 $14) 31... Rd5+ $1 $16 32. Kc2 (32. Kc4 $1 $16 Rd2 33. bxa5 Rxb2 34. Kc5) 32... Rg5 33. g3 b5 (33... Kf8 $14) 34. b3 $16 ({Inferior is} 34. bxa5 bxa4 35. a6 Ra5 $11) 34... bxa4 35. bxa4 axb4 $2 (35... Kf8 36. Kb3 (36. b5 Rg4 $16) 36... Ke7) 36. Kb3 $18 Kf8 37. Ra1 Ra5 38. Kxb4 Ra8 39. Re1 Rb8+ 40. Kc5 Rb2 41. h4 (41. a5 $18 {has better winning chances.}) 41... g5 $2 (41... Ra2 $16 {is a better defense.}) 42. hxg5 $2 (42. Ra1 $1 $18) 42... hxg5 $11 43. Ra1 Rc2+ $2 (43... Rb3 $11 {and Black has nothing to worry.}) 44. Kd4 Rd2+ 45. Kc5 $2 (45. Ke4 $1 $18) 45... Rc2+ $14 46. Kd4 $2 (46. Kb6 $14 Ke7 47. a5) 46... Rd2+ $1 $18 47. Ke5 $2 (47. Ke4 $1 $18) 47... Re2+ $2 ({Better is} 47... Rd3 $1 $14) 48. Kf5 $18 Re6 49. a5 Ra6 50. Kxg5 Ke7 51. Kf5 Kd7 52. g4 Ke7 53. Ke5 Kd7 54. Rd1+ Ke7 55. Rd5 $1 Rg6 56. Kf5 Rf6+ 57. Ke4 Rf1 58. Re5+ Kd6 59. Rf5 $2 (59. Rb5 $1 $18 {and the rest is easy.} Ra1 60. Kf4) 59... Re1+ {[%emt 0:02:15] [#]} (59... Ra1 $16 {was worth a try.} 60. Rf6+ Ke7) 60. Kf4 $1 $18 Ra1 61. Kg5 Ke6 62. Rf6+ Ke7 {[%emt 0:00:13] [#]} 63. Rf5 $2 (63. Ra6 $1 $18) 63... Ke6 $1 $11 64. Rb5 f6+ $1 65. Kg6 Ra4 66. Kh5 Ra1 67. Rf5 Ra4 68. Rc5 Ra1 69. Rb5 Kf7 70. Rb7+ Ke6 71. Rb5 Kf7 72. Kh4 Kg6 73. Kg3 Ra4 74. Kf3 Kh6 75. Rh5+ Kg6 76. Rf5 Ra3+ 77. Kf2 Ra4 78. Kg3 Ra3+ 79. Kh4 Ra4 80. Rc5 Ra3 81. Rb5 Kh6 82. g5+ fxg5+ 83. Rxg5 Ra4+ 84. Rg4 Rxa5 1/2-1/2

[Event "FRA-ch Teams Top 16-A 2022"]
[Site "Chartres"]
[Date "2022.06.13"]
[Round "5.20"]
[White "Flom, Gabriel"]
[Black "Korobov, Anton"]
[Result "1/2-1/2"]
[ECO "D31"]
[WhiteElo "2442"]
[BlackElo "2671"]
[Annotator "TA"]
[PlyCount "44"]
[EventDate "2022.06.09"]
[EventType "team-tourn"]
[EventCountry "FRA"]
[SourceTitle "playchess.com"]
[Source "ChessBase"]
[SourceQuality "1"]
[TimeControl "40/5400+30:1800+30"]

1. d4 d5 2. c4 e6 3. Nc3 c6 4. e4 dxe4 5. Nxe4 Bb4+ 6. Bd2 Qxd4 7. Bxb4 Qxe4+ 8. Ne2 Na6 9. Bf8 Ne7 10. Bxg7 {[%emt 0:03:34] D31: Queen's Gambit Declined: Semi-Slav without ...Nf6 (+ Marshall Gambit and Noteboom) and Exchange Variation lines without ...Nf6.} Nb4 11. Qd6 Nd3+ 12. Kd2 {[%emt 0:00:22][%cal Be1d2,Bd2d3,Bd3c3][%mdl 32] White has an edge.} Nf5 13. Qxd3 {[%emt 0:00:03] The board is on fire.} Qxd3+ 14. Kxd3 Nxg7 15. Kc3 Ke7 {[%emt 0:05:48] [#]} 16. g3 $146 ({Predecessor:} 16. Re1 Bd7 17. g3 Rad8 18. Bg2 f6 19. f4 h5 20. Nc1 Be8 21. b4 Bg6 22. a4 {½-½ (54) Aleksandrov,A (2617)-Zhigalko,S (2668) Minsk 2010}) 16... Rd8 17. Bg2 $36 {[%emt 0:00:31][%mdl 2048] White is pushing.} e5 18. f4 Bf5 {[%emt 0:00:29] [#] And now ...Rd3+ would win.} 19. Rad1 {[%emt 0:00:03] Inhibits Rd3+.} f6 20. fxe5 fxe5 21. Nc1 Rxd1 22. Rxd1 Ne6 {[%emt 0:13:02] Weighted Error Value: White=0.04 (flawless) /Black=0.08 (flawless)} 1/2-1/2